 Dungeon Crawl Stone Soup version 0.27-a0-1219-g958d993ae5 (webtiles) character file.

Game seed: 11453361594120619833

112 bande the Shield-Bearer (level 4, 0/28 HPs)
             Began as a Gargoyle Fighter on June 7, 2021.
             Slain by Natasha (5 damage)
             ... on level 2 of the Dungeon.
             The game lasted 00:02:14 (2073 turns).

bande the Shield-Bearer (Gargoyle Fighter)          Turns: 2073, Time: 00:02:14

Health: 0/28       AC: 13    Str: 19    XL:     4   Next: 93%
Magic:  4/4        EV:  5    Int:  9    God:
Gold:   74         SH: 14    Dex: 10    Spells: 2/3 levels left

rFire    . . .     SeeInvis .   a - +0 war axe
rCold    . . .     Faith    .   c - +0 kite shield
rNeg     + . .     Spirit   .   k - +0 chain mail
rPois    ∞         Reflect  +   (no helmet)
rElec    +         Harm     .   (no cloak)
rCorr    .         Rampage  .   (no gloves)
Will     .....                  (no boots)
Stlth    ..........             f - amulet of reflection
HPRegen  0.09/turn              (no ring)
MPRegen  0.09/turn              (no ring)

@: slowed, very slow
A: sickness immunity, AC +3, negative energy resistance 1, electricity
resistance, torment resistance 1, petrification resistance
a: no special abilities


You were on level 2 of the Dungeon.
You visited 1 branch of the dungeon, and saw 2 of its levels.

You collected 74 gold pieces.

Inventory:

Hand Weapons
 a - a +0 war axe (weapon)
Missiles
 i - a throwing net (quivered)
Armour
 c - a +0 kite shield (worn)
 k - a +0 chain mail (worn)
Jewellery
 f - an amulet of reflection (around neck)
Scrolls
 e - 2 scrolls of identify {unknown}
 g - a scroll of blinking {unknown}
 h - a scroll of magic mapping {unknown}
 j - a scroll of vulnerability {unknown}
Potions
 d - a potion of might


   Skills:
 + Level 3.4 Fighting
 + Level 2.5 Axes
 + Level 4.0 Armour
 + Level 0.5 Dodging
 + Level 4.2 Shields
 * Level 1.4 Translocations


You had 2 spell levels left.
You knew the following spells:

 Your Spells              Type           Power      Damage    Failure   Level
a - Apportation           Tloc           4%         N/A       100%        1

Your spell library contained the following spells:

 Spells                   Type           Power      Damage    Failure   Level
 Animate Skeleton         Necr           0%         N/A       100%        1
 Beastly Appendage        Tmut           0%         N/A       100%        1
 Corona                   Hex            0%         N/A       100%        1
 Summon Small Mammal      Summ           0%         N/A       100%        1
 Ensorcelled Hibernation  Hex/Ice        0%         N/A       100%        2
 Wereblood                Tmut           0%         N/A       100%        2
 Confusing Touch          Hex            0%         N/A       100%        3
 Dazzling Flash           Conj/Hex       0%         N/A       100%        3
 Spider Form              Tmut/Pois      0%         N/A       100%        3
 Tukima's Dance           Hex            0%         N/A       100%        3
 Ice Form                 Ice/Tmut       0%         N/A       100%        4
 Hydra Form               Tmut           0%         N/A       100%        5


Dungeon Overview and Level Annotations

Branches:
Dungeon (2/15)

Altars:

Annotations:
D:2 1 runed translucent door, Crazy Yiuf, Natasha


Innate Abilities, Weirdness & Mutations

You are immune to sickness and miasma.
Your stone body is resilient. (AC +3)
You are immune to poison.
You resist negative energy. (rN+)
You are resistant to electric shocks. (rElec)
You are resistant to unholy torment.
You are immune to petrification.


Message History

You closely miss the crimson imp.
The crimson imp shouts, "Fly, thou obnoxious weeb-spouting varlet!"
You block the crimson imp's attack. Natasha closely misses you.
The crimson imp hits you but does no damage.
Natasha mumbles some strange words.
Natasha glows brightly for a moment.
You block Natasha's attack.
The crimson imp blinks!
You closely miss Natasha.
Natasha is almost dead.
You hit the crimson imp. You block Natasha's attack.
The crimson imp hits you but does no damage.
Natasha casts a spell.
You block the crimson imp's attack.
Natasha casts a spell.
You closely miss Natasha.
Natasha is almost dead.
You barely miss the crimson imp. x2; You block the crimson imp's attack.
Natasha claws you but does no damage.
The crimson imp hits you but does no damage. x2
You block the crimson imp's attack. Natasha claws you. The shadow imp hits you.
* * * LOW HITPOINT WARNING * * *
You barely miss Natasha.
Natasha is severely wounded.
You closely miss the crimson imp. You hit the crimson imp.
You hit the shadow imp. You block the crimson imp's attack.
You block Natasha's attack. You block the crimson imp's attack.
The shadow imp hits you but does no damage.
The crimson imp completely misses you. You block the crimson imp's attack.
The shadow imp hits you but does no damage.
Natasha stares at you and mumbles some strange words.
You feel as though you will be slow longer.
The crimson imp hits you but does no damage.
You hit Natasha but do no damage.
Natasha is severely wounded.
You hit the crimson imp. You barely miss the crimson imp.
You closely miss the shadow imp. You block Natasha's attack.
The shadow imp hits you but does no damage.
The crimson imp hits you but does no damage. x2
You block the shadow imp's attack. Natasha claws you.
You die...

.......# ###.##.#
###.##.#
.##.##.########
.#............#
.#..##.######.#
.....#.# ####.#####
.>.....#
#.....5.5#####
.....).#
#.##...@h....#
.##.#### #
#.###5###.# .##.#
#.. .# ###.# #.#
#.# ##'## #.. ...
##...## ... ..#
#.....## ### #.#
.......## ##.###.#
........####...##.#


You could see Natasha, 2 crimson imps and a shadow imp (summoned).

Vanquished Creatures
  Natasha (twice) (D:2)
  Terence (D:2)
  An adder (D:2)
  A ball python (D:1)
  3 endoplasms
  4 giant cockroaches
  A goblin (D:1)
  3 hobgoblins
  4 jackals (D:2)
  A quokka (D:2)
  5 bats
  A frilled lizard (D:1)
  3 kobolds
30 creatures vanquished.

Notes
Turn   | Place    | Note
-------+----------+-------------------------------------------
     0 | D:1      | bande the Gargoyle Fighter began the quest for the Orb.
     0 | D:1      | Reached XP level 1. HP: 14/14 MP: 1/1
   281 | D:1      | Reached XP level 2. HP: 18/19 MP: 2/2
   283 | D:1      | Learned a level 1 spell: Apportation
   524 | D:1      | Found a faded altar of an unknown god.
  1243 | D:2      | Reached XP level 3. HP: 22/23 MP: 3/3
  1289 | D:2      | Noticed Natasha
  1295 | D:2      | Killed Natasha
  1296 | D:2      | Reached skill level 1 in Translocations
  1330 | D:2      | Noticed Terence
  1335 | D:2      | Killed Terence
  1336 | D:2      | Reached XP level 4. HP: 26/28 MP: 4/4
  1609 | D:2      | Found a runed translucent door.
  1610 | D:2      | Noticed Crazy Yiuf
  1650 | D:2      | Noticed Natasha
  1660 | D:2      | Killed Natasha
  2062 | D:2      | Noticed Natasha
  2073 | D:2      | Slain by Natasha

Illustrated notes

Levels and vault maps discovered:
D:1:      mrwooster_arrival_arrow, layout_basic,
          shapermc_ecumenical_altar_flowoftime
D:2:      layout_loops_corners, uniq_natasha, uniq_crazy_yiuf_cottage,
          uniq_terence

Skill      XL: |  1  2  3  4 |
---------------+-------------+-----
Axes           | 2 |  2.5
Shields        | 4 |  4.2
Translocations | 1 |  1.4
Armour         | 4 |  4.0
Fighting       | |  3.4
Dodging        | |  0.5

Action                   |  1- 3 |  4- 6 || total
-------------------------+-------+-------++-------
Melee: War axe           |    72 |    29 ||   101
Armor: Scale mail        |    37 |       ||    37
       Chain mail        |       |    21 ||    21
Dodge: Dodged            |    18 |    10 ||    28
Block: Kite shield       |    72 |    33 ||   105
       Reflection        |       |     1 ||     1

Table legend: (Time is in decaauts)
 A = Elapsed time spent in this place.
 B = Non-inter-level travel time spent in this place.
 C = Inter-level travel time spent in this place.
 D = Time resting spent in this place.
 E = Time spent auto-exploring this place.
 F = Levels seen in this place.
 G = Mean time per level.
                   A        B        C        D        E       F      G
               +--------+--------+--------+--------+--------+-----+--------+
         Total |   2153 |   2134 |     19 |    292 |   1562 |   2 | 1076.5 |
       Dungeon |   2153 |   2134 |     19 |    292 |   1562 |   2 | 1076.5 |
               +--------+--------+--------+--------+--------+-----+--------+

Top non-repeatable levels by time:
     D:2: 1206 daAuts
     D:1: 947 daAuts
